 Dungeon Crawl Stone Soup version 0.31.0-11-ge490571c62 (webtiles) character file.

Game seed: 10027653991694444253

112 Gadfly the Ruffian (level 4, -4/33 HPs)
             Began as a Demonspawn Shapeshifter on Jan 27, 2024.
             Slain by a gnoll
             ... wielding a +0 spear
              (5 damage)
             ... on level 2 of the Dungeon.
             The game lasted 00:02:17 (1722 turns).

Gadfly the Ruffian (Demonspawn Shapeshifter)        Turns: 1722, Time: 00:02:18

Health: -4/33      AC:  2    Str: 16    XL:     4   Next: 63%
Magic:  4/4        EV: 12    Int: 11    God:
Gold:   111        SH:  0    Dex: 12    Spells: 3/3 levels left

rFire   . .          .
                       - Unarmed
rCold   . . .        (no shield)
rNeg    . . .        a - +0 animal skin
rPois   .            (helmet currently unavailable)
rElec   .            (cloak currently unavailable)
rCorr   .            (gloves currently unavailable)
SInv    .            (boots currently unavailable)
Will    .....        (no amulet)
Stlth   +            (no ring)
HPRegen 0.25/turn    (no ring)
MPRegen 0.09/turn

%: no passive effects
@: beast-form
A: beast (slay +1), claws 2
a: Begin Untransformation


You were on level 2 of the Dungeon.
You were a hulking beast.
You visited 1 branch of the dungeon, and saw 2 of its levels.

You collected 111 gold pieces.

Inventory:

Armour
 a - a +0 animal skin (worn)
Talismans
 c - a beast talisman
 d - a flux talisman
Scrolls
 e - 2 scrolls of identify
Potions
 b - a potion of lignification
 f - a potion of mutation
 g - 2 potions of curing
 h - a potion of might {unknown}


   Skills:
 + Level 1.8 Fighting
 * Level 2.7 Dodging
 + Level 3.1 Unarmed Combat
 * Level 2.0 Evocations
 + Level 3.1 Shapeshifting


You had 3 spell levels left.
You didn't know any spells.
Your spell library was empty.

Dungeon Overview and Level Annotations

Branches:
Dungeon (2/15)

Altars:

Shops:
D:2 [


Innate Abilities, Weirdness & Mutations

You are a hulking beast.
Your limbs bulge with bestial killing power. (Slay +1)
You have very sharp fingernails.


Message History

You barely miss the gnoll. The gnoll hits you with a +0 club.
The gnoll hits you from afar with a +0 spear!
A ball python comes into view.
The ball python hisses angrily.
You scratch the gnoll.
The gnoll is moderately wounded.
The bat hits you. The gnoll closely misses you.
You barely miss the gnoll.
The gnoll is moderately wounded.
The gnoll barely misses you.
The gnoll hits you from afar with a +0 spear.
The gnoll barely misses you.
You are too injured to fight recklessly!
You are too injured to fight recklessly!
You are too injured to fight recklessly!
You are too injured to fight recklessly!
You are too injured to fight recklessly!
You are too injured to fight recklessly!
You are too injured to fight recklessly!
You are too injured to fight recklessly!
You are too injured to fight recklessly!
You are too injured to fight recklessly!
You are too injured to fight recklessly!
You are too injured to fight recklessly!
You are too injured to fight recklessly!
Unknown command.
The bat closely misses you. The gnoll hits you with a +0 club.
* * * LOW HITPOINT WARNING * * *
The gnoll attacks as it pursues you! The gnoll misses you.
The gnoll attacks as it pursues you!
The gnoll hits you from afar with a +0 spear!
* * * LOW HITPOINT WARNING * * *
The bat hits you.
* * * LOW HITPOINT WARNING * * *
The bat attacks as it pursues you! The bat hits you.
* * * LOW HITPOINT WARNING * * *
The bat hits you but does no damage. The bat closely misses you.
The gnoll attacks as it pursues you!
The gnoll hits you from afar with a +0 spear.
You die...

###.....#.....#
........#.....#
###.....#.....# #
#####.#######
#######.#
........##########
########.........#
..<# #.#######.#
.#.# #.# #h# .#)#
#.# ###b#####
.#.#####.#
#.gg....#
.#.....#+##
#g......#
.##.......#
#..g....#
.#........#
#.......#
.#........#
#.wS....#
.(.#..#####
#.......# #####.#
#.......#


You could see a ribbon worm, 4 gnolls, a bat and a ball python.

Vanquished Creatures
  3 gnolls (D:2)
  3 adders (D:2)
  2 dart slugs
  4 bats
  4 endoplasms (D:1)
  2 giant cockroaches (D:1)
  8 goblins
  5 hobgoblins
  3 jackals (D:1)
  2 kobolds
  7 ball pythons
  2 frilled lizards
  2 rats (D:1)
47 creatures vanquished.

Notes
Turn   | Place    | Note
-------+----------+-------------------------------------------
     0 | D:1      | Gadfly the Demonspawn Shapeshifter began the quest for the
                  | Orb.
     0 | D:1      | Reached XP level 1. HP: 15/15 MP: 1/1
   240 | D:1      | Gained mutation: You have sharp fingernails. [demonic
                  | ancestry]
   240 | D:1      | Reached XP level 2. HP: 21/21 MP: 2/2
   425 | D:1      | Reached skill level 1 in Evocations
   654 | D:1      | Reached XP level 3. HP: 18/26 MP: 3/3
  1102 | D:2      | Found Ticouc's Antique Armour Boutique.
  1184 | D:2      | Gained mutation: You have very sharp fingernails. [demonic
                  | ancestry]
  1184 | D:2      | Reached XP level 4. HP: 32/33 MP: 4/4
  1197 | D:2      | HP: 1/33 [gnoll/+0 spear (7)]
  1210 | D:2      | HP: 1/33 [gnoll/+0 spear (3)]
  1397 | D:2      | Found a faded altar of an unknown god.
  1720 | D:2      | HP: 1/33 [bat (1)]
  1722 | D:2      | Slain by a gnoll

Illustrated notes

Levels and vault maps discovered:
D:1:      heliophobic_arrival_ceremonial_halls, layout_rooms, serial_bayou,
          serial_bayou_pond_a, serial_bayou_lagoon_a, serial_bayou_shore_a,
          serial_bayou_pond_b, serial_bayou_pond_a, serial_bayou_ford_a,
          serial_bayou_lagoon_b
D:2:      layout_basic, dreamdust_ecumenical_altar_grove, serial_shops,
          nicolae_square_shop, kennysheep_generic_room_14, uniq_terence

Skill      XL: |  1  2  3  4 |
---------------+-------------+-----
Dodging        | 2 |  2.7
Evocations     | 1 2 |  2.0
Unarmed Combat | 3 |  3.1
Shapeshifting  | 3 |  3.1
Fighting       | |  1.8

Action                     |  1- 3 |  4- 6 || total
---------------------------+-------+-------++-------
  Melee: Unarmed           |   121 |    22 ||   143
         Punch             |     4 |     1 ||     5
    Use: Scroll            |     4 |     1 ||     5
   Stab: Sleeping          |     2 |       ||     2
 Armour: Animal skin       |    46 |    26 ||    72
  Dodge: Dodged            |    80 |    17 ||    97
